 Dungeon Crawl Stone Soup version 0.31.0-32-g396128a36d (webtiles) character file.

Game seed: 8509994566437510898

6181 firemarshallily the Geomancer (level 11, -39/83 HPs)
             Began as a Formicid Earth Elementalist on Apr 11, 2024.
             Was a Priest of Sif Muna.
             Annihilated by an orc warlord
             ... wielding a +6 broad axe
              (47 damage)
             ... in a bailey.
             The game lasted 00:28:43 (8034 turns).

firemarshallily the Geomancer (FoEE)                Turns: 8034, Time: 00:28:43

Health: -39/83     AC: 15    Str: 15    XL:     11   Next: 13%
Magic:  12/24      EV: 13    Int: 28    God:    Sif Muna [***...]
Gold:   356        SH:  6    Dex: 17    Spells: 14/28 levels left

rFire   . . .        i - +6 trident "Imiloin" {vamp, rElec}
rCold   . . .        y - +0 buckler
rNeg    . . .        z - +7 toga "Victory" {*Victory Int+7 Slay+7 Clar}
rPois   .            (helmet unavailable)
rElec   +            (no cloak)
rCorr   .            k - +2 pair of gloves {Str+3}
SInv    +            M - +2 pair of boots
Will    ++...        j - amulet of magic regeneration
Stlth   ++           u - ring of willpower
HPRegen 0.33/turn    a - ring of wizardry
MPRegen 0.59/turn

%: clarity, wizardry (x1)
@: mighty
A: permanent stasis, dig shafts and tunnels, antennae 3, four strong arms, agile
1, clever 1
a: Dig, Renounce Religion, Channel Magic, Forget Spell


You were in a bailey.
You worshipped Sif Muna.
Sif Muna was most pleased with you.
You visited 1 branch of the dungeon, and saw 9 of its levels.
You also visited: Bailey.

You collected 601 gold pieces.
You spent 245 gold pieces at shops.

Inventory:

Hand Weapons
 i - the +6 trident "Imiloin" (weapon) {vamp, rElec}
   (You found it on level 2 of the Dungeon)

   rElec:     It insulates you from electricity.
Missiles
 f - 6 boomerangs
 o - 2 throwing nets
 r - 11 darts of dispersal
 J - a curare-tipped dart
Armour
 k - a +2 pair of gloves of strength (worn)
 y - a +0 buckler (worn)
 z - the +7 toga "Victory" (worn) {*Victory Int+7 Slay+7 Clar}
   (You found it on level 5 of the Dungeon)

   *Victory:  When the wearer kills a threatening monster, it has a chance to
   gain +1 AC, +1 Slay, and +1 Int, capping at +7.
   When the wearer uses a scroll or a potion with a hostile monster in sight,
   its bonuses reset to +0.
   Unequipping it also resets its bonuses to +0.
   Int+7:     It affects your intelligence (+7).
   Slay+7:    It affects your accuracy & damage with ranged weapons and melee
   (+7).
   Clar:      It protects you from confusion, rage, mesmerisation and fear.
 I - a scarf of harm
 M - a +2 pair of boots (worn)
Jewellery
 a - a ring of wizardry (right hand)
 j - an amulet of magic regeneration (around neck)
 u - a ring of willpower (left hand)
Wands
 e - a wand of roots (23)
 q - a wand of polymorph (12)
 v - a wand of charming (9)
 B - a wand of light (7)
Scrolls
 d - 2 scrolls of enchant armour
 g - 2 scrolls of enchant weapon
 h - a scroll of fear
 l - a scroll of revelation {unknown}
 t - a scroll of silence
 w - a scroll of noise
 x - 2 scrolls of fog
 E - a scroll of torment
Potions
 b - 2 potions of magic
 c - a potion of enlightenment {unknown}
 m - a potion of heal wounds {unknown}
 p - 2 potions of curing {unknown}
 s - 2 potions of brilliance {unknown}
 A - a potion of attraction {unknown}
 C - a potion of mutation
 D - a potion of degeneration {unknown}
 K - 3 potions of resistance {unknown}


   Skills:
 + Level 6.5 Fighting
 - Level 3.4 Dodging
 - Level 2.4 Stealth
 - Level 6.0 Shields
 * Level 9.0 Spellcasting
 + Level 5.5 Conjurations
 * Level 11.1 Earth Magic


You had 14 spell levels left.
You knew the following spells:

 Your Spells              Type           Power      Damage    Failure   Level
a - Sandblast             Erth           100%       2d20      1%          1
b - Stone Arrow           Conj/Erth      100%       3d13      1%          3
c - Passwall              Erth           66%        N/A       1%          3
d - Brom's Barrelling Bo  Conj/Erth      56%        2d7       1%          4
e - Hailstorm             Conj/Ice       28%        3d8       2%          3

Your spell library contained the following spells:

 Spells                   Type           Power      Damage    Failure   Level
 Freeze                   Ice            48%        1d6       2%          1
 Slow                     Hex            48%        N/A       2%          1
 Summon Small Mammal      Summ           48%        N/A       2%          1
 Petrify                  Alch/Erth      43%        N/A       2%          4
 Call Canine Familiar     Summ           12%        N/A       7%          3
 Confusing Touch          Hex            12%        N/A       7%          3
 Frozen Ramparts          Ice            24%        1d4       7%          3
 Fugue of the Fallen      Necr           12%        N/A       7%          3
 Ozocubu's Armour         Ice            12%        N/A       7%          3
 Sigil of Binding         Hex            12%        N/A       7%          3
 Vampiric Draining        Necr           12%        2d6       7%          3
 Manifold Assault         Tloc           12%        N/A       22%         4
 Olgreb's Toxic Radiance  Alch           12%        N/A       22%         4
 Summon Blazeheart Golem  Fire/Summ      12%        N/A       22%         4
 Ozocubu's Refrigeration  Ice            6%         4d8       100%        7
 Discord                  Hex            6%         N/A       100%        8


Dungeon Overview and Level Annotations

Branches:
Dungeon (9/15)             Temple (0/1) D:4            Lair (0/5) D:8
    Orc (0/2) D:9          Bailey (1/1)

Altars:
Dithmenos
Elyvilon
Hepliaklqana
Nemelex Xobeh
Qazlal
Sif Muna
Trog
Uskayaw
Xom
Yredelemnul
Zin

Shops:
D:6 ?

Annotations:
D:4 1 runed translucent door, SFR's ghost, amateur DEFi
D:5 3 runed translucent doors, Crazy Yiuf


Innate Abilities, Weirdness & Mutations

You cannot be hasted, slowed, berserked, paralysed or teleported.
You can dig through walls and to a lower floor.
You have a pair of large antennae on your head. (SInv)
Your four strong arms can wield two-handed weapons with a shield.
You are agile. (Dex +4, Str/Int -1)
Your mind is acute. (Int +4, Str/Dex -1)


Message History

The orc warlord hits you with a +6 broad axe!
Casting: Stone Arrow (safe; 1% risk of failure)
Confirm with . or Enter, or press ? or * to list all spells.
Aiming: Stone Arrow (safe; 1% risk of failure)
Press: ? - help, Shift-Dir - straight line, f/p - orc warlord
Aim: an orc warlord, wielding a +6 broad axe and wearing a +0 plate armour (moderately wounded, 87% to hit)
The stone arrow hits the orc warlord!
The orc warlord is moderately wounded.
The orc warlord hits you with a +6 broad axe!!
You puncture the orc warlord!
You feel better.
The orc warlord is heavily wounded.
The orc knight no longer looks unusually strong.
The orc warlord roars a battlecry!
The orc knight goes into a battle-frenzy!
The orc knight roars a battlecry!
The orc warlord goes into a battle-frenzy!
The orc warlord hits you with a +6 broad axe!!!
* * * LOW HITPOINT WARNING * * *
Okay, then.
You puncture the orc warlord!
The orc warlord is heavily wounded.
You block the orc warlord's attack.
Unknown command.
You puncture the orc warlord!
You feel better.
The orc warlord is severely wounded.
The orc no longer looks unusually strong.
You block the orc warlord's attack.
Unknown command.
You hit the orc warlord.
The orc warlord is severely wounded.
The orc warlord roars a battlecry!
The orc goes into a battle-frenzy!
The orc warlord hits you with a +6 broad axe!
* * * LOW HITPOINT WARNING * * *
Unknown command.
You hit the orc warlord but do no damage.
The orc warlord is severely wounded.
The orc warlord hits you with a +6 broad axe!!!
Ouch! That really hurt!
You die... ##.....## , ##'####........... ##)..).##.........##.....## #..)....#.........#.......# ##.......##.......##.......# #.........#,.)... #......... ##.........## oog

##.........
#.....⌠.....###o###.....⌠....
##.........##88@88##...).....
#.........#.......#.).......
##......[##.......##)......#
#......['[........')......#
##.....##)........##.....##
#######.....⌠.....#######
##.........## #.........#
##.......##


You could see an orc warlord (strong), an orc knight (strong), an orc (strong)
and a hobgoblin.

Vanquished Creatures
  Harold (D:9)
  Pikel (D:4)
  Psyche (D:8)
  A troll (D:9)
  Grinder (D:5)
  Prince Ribbit (D:5)
  A wyvern (D:9)
  3 yaks (D:8)
  3 steam dragons
  Edmund (D:5)
  A swamp worm (D:7)
  A water moccasin (D:8)
  Duvessa (D:7)
  2 ice beasts (D:6)
  7 orc warriors
  3 black bears
  2 sky beasts (D:7)
  A lemure (D:4)
  2 kobold brigands
  A gnoll sergeant (D:7)
  3 scorpions (D:5)
  Dowan (D:7)
  5 wights (D:9)
  A bombardier beetle (D:5)
  3 howler monkeys (D:9)
  3 hounds
  A gnoll bouda (D:6)
  An orc priest (D:8)
  4 jellies
  2 iguanas
  Terence (D:2)
  4 orc wizards
  13 gnolls
  4 adders
  A white imp (D:6)
  A ribbon worm (D:2)
  3 dart slugs
  45 orcs
  7 bats
  16 endoplasms
  4 giant cockroaches
  11 goblins
  11 hobgoblins
  5 jackals
  4 quokkas
  7 ball pythons
  3 frilled lizards (D:1)
  17 kobolds
  3 rats
219 creatures vanquished.

Vanquished Creatures (others)
  An orc (D:8)
1 creature vanquished.

Grand Total: 220 creatures vanquished

Notes
Turn   | Place    | Note
-------+----------+-------------------------------------------
     0 | D:1      | firemarshallily the Formicid Earth Elementalist began the
                  | quest for the Orb.
     0 | D:1      | Reached XP level 1. HP: 13/13 MP: 3/3
    35 | D:1      | Reached skill level 1 in Conjurations
   123 | D:1      | Reached XP level 2. HP: 19/19 MP: 3/5
   395 | D:1      | Reached skill level 4 in Earth Magic
   395 | D:1      | Reached XP level 3. HP: 25/25 MP: 2/6
   498 | D:1      | Learned a level 3 spell: Stone Arrow
   502 | D:1      | Learned a level 3 spell: Passwall
  1271 | D:2      | Reached skill level 1 in Fighting
  1271 | D:2      | Reached XP level 4. HP: 29/32 MP: 0/8
  1436 | D:2      | Noticed Terence
  1441 | D:2      | Killed Terence
  1469 | D:2      | Identified the +6 trident "Imiloin" {vamp, rElec}
  1505 | D:2      | Found a faded altar of an unknown god.
  1842 | D:2      | Found a hide-covered altar of Uskayaw.
  1842 | D:2      | Found a white marble altar of Elyvilon.
  1842 | D:2      | Found a shimmering altar of Xom.
  1842 | D:2      | Found a hazy altar of Hepliaklqana.
  1842 | D:2      | Found a shimmering blue altar of Sif Muna.
  1842 | D:2      | Found a bloodstained altar of Trog.
  1847 | D:2      | Reached XP level 5. HP: 37/37 MP: 9/9
  1869 | D:2      | Reached skill level 5 in Earth Magic
  1875 | D:2      | Became a worshipper of Sif Muna the Loreminder
  1946 | D:2      | Reached XP level 6. HP: 44/44 MP: 9/11
  3231 | D:4      | Reached * piety under Sif Muna
  3385 | D:4      | Reached XP level 7. HP: 51/51 MP: 13/13
  3394 | D:4      | Found a basalt altar of Yredelemnul.
  3527 | D:4      | Found a hazy altar of Hepliaklqana.
  3646 | D:4      | Found a staircase to the Ecumenical Temple.
  3715 | D:4      | Noticed Pikel
  3731 | D:4      | Gained mutation: You have hidden genetic defects. [potion
                  | of mutation]
  3731 | D:4      | Gained mutation: Your natural rate of healing is unusually
                  | fast. [potion of mutation]
  3736 | D:4      | Killed Pikel
  3737 | D:4      | Reached skill level 5 in Spellcasting
  3737 | D:4      | Reached skill level 6 in Earth Magic
  3737 | D:4      | Reached XP level 8. HP: 25/58 MP: 13/15
  3740 | D:4      | Lost mutation: Your natural rate of healing is unusually
                  | fast. [potion of mutation]
  3740 | D:4      | Lost mutation: You have hidden genetic defects. [potion of
                  | mutation]
  3740 | D:4      | Gained mutation: You are agile. (Dex +4, Str/Int -1)
                  | [potion of mutation]
  3740 | D:4      | Gained mutation: Your mind is acute. (Int +4, Str/Dex -1)
                  | [potion of mutation]
  3872 | D:4      | Found a sparkling altar of Nemelex Xobeh.
  3909 | D:4      | Found a runed translucent door.
  4094 | D:4      | Noticed SFR's ghost (amateur DEFi)
  4094 | D:4      | Noticed a yak
  4141 | D:5      | Entered Level 5 of the Dungeon
  4338 | D:5      | Identified the +4 shortbow "Gacupon" {freeze, rC+ Int-3
                  | Dex+2}
  4370 | D:5      | Reached skill level 7 in Earth Magic
  4381 | D:5      | Noticed Prince Ribbit
  4381 | D:5      | Found the +0 toga "Victory" {*Victory Clar}
  4384 | D:5      | Killed Prince Ribbit
  4438 | D:5      | Noticed Grinder
  4444 | D:5      | Killed Grinder
  4445 | D:5      | Reached XP level 9. HP: 65/65 MP: 6/17
  4505 | D:5      | Learned a level 4 spell: Brom's Barrelling Boulder
  4509 | D:5      | Learned a level 3 spell: Hailstorm
  4543 | D:5      | Found a runed translucent door.
  4544 | D:5      | Found a runed translucent door.
  4579 | D:5      | Found a runed translucent door.
  4580 | D:5      | Noticed Crazy Yiuf
  4705 | D:5      | Found a glowing silver altar of Zin.
  4764 | D:5      | Noticed Edmund
  4770 | D:5      | Killed Edmund
  5110 | D:6      | Found a shadowy altar of Dithmenos.
  5221 | D:6      | Reached skill level 8 in Earth Magic
  5311 | D:6      | Found a stormy altar of Qazlal.
  5601 | D:6      | Reached skill level 5 in Shields
  5688 | D:6      | Found Qaer's Magic Scroll Boutique.
  5708 | D:6      | Bought a scroll of torment for 133 gold pieces
  5708 | D:6      | Bought a scroll of amnesia for 56 gold pieces
  5708 | D:6      | Bought a scroll of fear for 56 gold pieces
  5958 | D:7      | Identified the +6 orcbow of Agony {drain, Dex+2}
  6127 | D:7      | Noticed Duvessa
  6129 | D:7      | Killed Duvessa
  6129 | D:7      | Noticed Dowan
  6130 | D:7      | Reached skill level 5 in Fighting
  6132 | D:7      | Killed Dowan
  6133 | D:7      | Reached XP level 10. HP: 74/74 MP: 2/20
  6179 | D:7      | Reached ** piety under Sif Muna
  6180 | D:7      | Reached skill level 9 in Earth Magic
  6952 | D:8      | Found a bloodstained altar of Trog.
  7037 | D:8      | Found a staircase to the Lair.
  7173 | D:8      | Noticed Psyche
  7185 | D:8      | Killed Psyche
  7186 | D:8      | Reached skill level 10 in Earth Magic
  7189 | D:8      | Reached skill level 5 in Conjurations
  7608 | D:9      | Noticed Harold
  7616 | D:9      | Killed Harold
  7618 | D:9      | Reached XP level 11. HP: 54/81 MP: 9/23
  7698 | D:9      | Reached *** piety under Sif Muna
  7710 | D:9      | Found a staircase to the Orcish Mines.
  7771 | D:9      | Found a flagged portal.
  7788 | Bailey   | Entered a bailey
  7889 | Bailey   | Reached skill level 11 in Earth Magic
  8017 | Bailey   | Noticed an orc warlord
  8018 | Bailey   | Noticed an orc knight
  8034 | Bailey   | Annihilated by an orc warlord

Illustrated notes

Levels and vault maps discovered:
D:1:      ldierk_walled_garden_2, layout_loops_corners
D:2:      cheibrodos_fertilizer, layout_loops_ring,
          shapermc_ecumenical_altar_gd, uniq_terence
D:3:      layout_loops_corners
D:4:      layout_basic, lemuel_doored_altar, nicolae_hepliaklqana_hazy_memory,
          nemelex_dance_club_becter, minmay_temple_entry_junction,
          ebering_ghost_inner_flame, uniq_pikel
D:5:      lemuel_insect_pit, layout_basic, zin_treasury, due_unseen_surprise,
          uniq_crazy_yiuf_cottage, uniq_prince_ribbit1, uniq_grinder,
          uniq_edmund
D:6:      layout_loops_ring, mainiacjoe_overflow_brackets,
          amcnicky_altar_gilded, serial_shops, shop, supply_closet_lemuel
D:7:      layout_loops_cross, serial_aquarium, aquarium_bridge_square
          [aquarium_subvault_wall, aquarium_subvault_bridge,
          aquarium_subvault_bridge, aquarium_subvault_bridge],
          aquarium_window_fake, aquarium_window_corridor_3, aquarium_window_1,
          aquarium_view_2a, worms_lemuel, uniq_duvessa
D:8:      layout_basic, trog_ov_bears_minmay, uniq_psyche
D:9:      layout_small_grid, mainiacjoe_overflow_24_doors,
          nzn_wu_jian_council_hall, orc_0_dummy, enter_bailey_4, uniq_harold
Bailey:   bailey_axe_minmay_hex_keep, bailey

Skill      XL: |  1  2  3  4  5  6  7  8  9 10 11 |
---------------+----------------------------------+-----
Conjurations   | 1 2 3 4 5 |  5.5
Earth Magic    | 4 5 6 7 8 10 11 | 11.1
Dodging        | 2 3 |  3.4
Fighting       | 1 2 3 4 5 6 |  6.5
Spellcasting   | 3 4 5 7 8 9 |  9.0
Shields        | 2 5 6 |  6.0
Stealth        | |  2.4

Action                     |  1- 3 |  4- 6 |  7- 9 | 10-12 || total
---------------------------+-------+-------+-------+-------++-------
  Melee: Unarmed           |     7 |       |       |       ||     7
         Short sword       |     8 |       |       |       ||     8
         Trident           |       |    52 |    24 |    43 ||   119
         Punch             |       |     1 |       |       ||     1
  Throw: Boomerang         |       |     1 |     3 |     2 ||     6
         Dart              |       |       |       |     1 ||     1
   Cast: Sandblast         |    48 |    59 |    12 |       ||   119
         Stone Arrow       |       |     1 |    71 |   116 ||   188
Ability: Dig               |       |       |     4 |       ||     4
    Use: Potion            |       |       |     3 |     1 ||     4
         Scroll            |       |       |     5 |    10 ||    15
   Stab: Sleeping          |       |     1 |       |       ||     1
 Armour: Robe              |    14 |    33 |    27 |    67 ||   141
  Dodge: Dodged            |    19 |    42 |    28 |    34 ||   123
  Block: Buckler           |       |       |     1 |    27 ||    28
